 Dungeon Crawl Stone Soup version 0.23-a0-704-g7fdf9c5 (webtiles) character file.

180 galech the Skirmisher (level 5, -1/42 HPs)
             Began as a Demonspawn Fighter on Jan 14, 2019.
             Slain by an orc priest
             ... wielding a +0 flail of protection
              (2 damage)
             ... on level 2 of the Dungeon.
             The game lasted 00:03:48 (2841 turns).

galech the Skirmisher (Demonspawn Fighter)          Turns: 2841, Time: 00:03:48

Health: -1/42      AC: 10    Str: 16    XL:     5   Next: 33%
Magic:  0/5        EV:  4    Int:  9    God:
Gold:   84         SH:  9    Dex: 14    Spells: 4/4 levels left

rFire    + . .     SeeInvis .   a - +0 war axe
rCold    . . .     Gourm    .   c - +0 shield
rNeg     . . .     Faith    .   r - +0 chain mail
rPois    .         Spirit   +   (no helmet)
rElec    .         Reflect  .   (no cloak)
rCorr    .         Harm     +   h - +0 pair of gloves
MR       .....                  (no boots)
Stlth    ..........             i - amulet of harm
HPRegen  0.14/turn              (no ring)
MPRegen  0.09/turn              (no ring)

@: no status effects
A: fire resistance 1, magic shield
a: no special abilities


You were on level 2 of the Dungeon.
You were not hungry.

You visited 1 branch of the dungeon, and saw 3 of its levels.

You collected 84 gold pieces.

Inventory:

Hand Weapons
 a - a +0 war axe (weapon)
Armour
 b - a +0 scale mail
 c - a +0 shield (worn)
 h - a +0 pair of gloves (worn)
 r - a +0 chain mail (worn)
Jewellery
 i - an amulet of harm (around neck)
Scrolls
 e - a scroll of identify {unknown}
 j - 3 scrolls of fog {unknown}
 k - 2 scrolls of magic mapping {unknown}
 m - a scroll of teleportation {unknown}
 n - 3 scrolls of immolation {unknown}
 o - a scroll of enchant weapon {unknown}
 p - a scroll of random uselessness {unknown}
 q - a scroll of blinking {unknown}
 s - a scroll of amnesia {unknown}
Potions
 g - a potion of invisibility {unknown}
Comestibles
 f - 4 rations


   Skills:
 + Level 3.7 Fighting
 + Level 3.4 Axes
 + Level 3.3 Armour
 + Level 0.8 Dodging
 + Level 3.4 Shields


You had 4 spell levels left.
You didn't know any spells.
Your spell library was empty.

Dungeon Overview and Level Annotations

Branches:
Dungeon (3/15)

Altars:


Innate Abilities, Weirdness & Mutations

Your flesh is heat resistant. (rF+)
When hurt, damage is shared between your health and your magic reserves.


Message History

You are too injured to fight recklessly!
You are too injured to fight recklessly!
You are too injured to fight recklessly!
You are too injured to fight recklessly!
You are too injured to fight recklessly!
You are too injured to fight recklessly!
You are too injured to fight recklessly!
You are too injured to fight recklessly!
You are too injured to fight recklessly!
You are too injured to fight recklessly!
You are too injured to fight recklessly!
You closely miss the orc priest. You block the orc priest's attack.
You closely miss the orc priest.
The orc priest hits you but does no damage.
You closely miss the orc priest.
The orc priest mumbles some strange prayers to Beogh against you.
Beogh smites you!
* * * LOW HITPOINT WARNING * * *
The orc priest hits you with a +0 flail of protection.
You die...

#...........#
########'#########.#
#.........#.# #.#
#...........# #..
#.........#.# #..
#.........#.######..
#.........#......#..
#.)).............#.#
#.[@†.....).........
#..o).....)......#.#
#.........#'####....
##....###.......##..
#....# #.......##..
##'#####.......##..
#..............+...
#..............###.
#..............###.


You could see an orc priest.

Vanquished Creatures
  An orc priest (D:2)
  2 orc wizards (D:2)
  2 adders (D:2)
  A worm (D:2)
  3 dart slugs
  3 leopard geckos
  6 orcs
  5 bats
  5 giant cockroaches
  5 goblins
  12 hobgoblins
  5 kobolds
  A quokka (D:2)
  2 ball pythons (D:1)
  3 frilled lizards (D:1)
  8 rats
64 creatures vanquished.

Notes
Turn   | Place    | Note
-------+----------+-------------------------------------------
     0 | D:1      | galech the Demonspawn Fighter began the quest for the Orb.
     0 | D:1      | Reached XP level 1. HP: 18/18 MP: 1/1
     2 | D:1      | Noticed a troll
     2 | D:1      | Noticed an ogre
     4 | D:1      | Noticed a naga
     4 | D:1      | Noticed a gargoyle
     6 | D:1      | Noticed a merfolk
     8 | D:1      | Noticed a ghoul
     8 | D:1      | Noticed a demigod
    10 | D:1      | Noticed a human
    12 | D:1      | Noticed an elf
    12 | D:1      | Noticed a formicid
    14 | D:1      | Noticed a centaur
    14 | D:1      | Noticed a felid
    16 | D:1      | Noticed a vampire
    16 | D:1      | Noticed a demonspawn
    18 | D:1      | Noticed a tengu
    18 | D:1      | Noticed a spriggan
    20 | D:1      | Noticed a minotaur
    22 | D:1      | Noticed a draconian
    22 | D:1      | Noticed a vine stalker
    24 | D:1      | Noticed a halfling
    24 | D:1      | Noticed a dwarf
    26 | D:1      | Noticed an octopode
   297 | D:1      | Gained mutation: When hurt, damage is shared between your
                  | health and your magic reserves. [demonic ancestry]
   297 | D:1      | Reached XP level 2. HP: 18/24 MP: 2/2
   487 | D:1      | Gained mutation: Your flesh is heat resistant. (rF+)
                  | [demonic ancestry]
   487 | D:1      | Reached XP level 3. HP: 22/29 MP: 3/3
  1562 | D:2      | Reached XP level 4. HP: 35/35 MP: 4/4
  2562 | D:2      | Reached XP level 5. HP: 36/42 MP: 5/5
  2841 | D:2      | HP: 1/42 [orc priest/divine providence (13)]
  2841 | D:2      | Slain by an orc priest

Vault maps used:
D:1:      kb_arrival_jail
D:2:      nicolae_overflow_hidden_temple
D:3:      nicolae_overflow_crystal_walls, gammafunk_ghost_cemetery,
          kennysheep_donut, minmay_misc_feat_room, kennysheep_big_empty_room,
          nrook_loot_triangle, trog_butcher_becter

Skill      XL: |  1  2  3  4 |
---------------+-------------+-----
Axes           | 2 3 |  3.4
Shields        | 3 |  3.4
Armour         | 3 |  3.3
Fighting       | |  3.7
Dodging        | |  0.8

Action                   |  1- 3 |  4- 6 || total
-------------------------+-------+-------++-------
Melee: War axe           |   178 |    64 ||   242
  Use: Potion            |       |     1 ||     1
  Eat: Chunk             |     3 |     4 ||     7
Armor: Scale mail        |    69 |       ||    69
       Chain mail        |    15 |    47 ||    62
Dodge: Dodged            |    52 |    16 ||    68
Block: Shield            |    91 |    25 ||   116

Table legend:
 A = Non-vault XP
 B = Vault XP
 C = Vault XP percentage of total XP
 D = Non-vault monster count
 E = Vault monster count
 F = Vault count percentage of total count
                 A         B        C        D         E       F
            +---------+---------+-------+---------+---------+-------
      Total |     258 |       0 |   0.0 |      64 |       0 |   0.0
            +---------+---------+-------+---------+---------+-------
        D:1 |      49 |       0 |   0.0 |      26 |       0 |   0.0
        D:2 |     203 |       0 |   0.0 |      36 |       0 |   0.0
        D:3 |       6 |       0 |   0.0 |       2 |       0 |   0.0
            +---------+---------+-------+---------+---------+-------
